[Event "14th Chennai GM Open 2023"]
[Site "Chennai"]
[Date "2024.01.06"]
[Round "9.3"]
[White "Buscara, Sevan"]
[Black "Pawar, Harshit"]
[Result "1/2-1/2"]
[ECO "A00"]
[WhiteElo "2359"]
[BlackElo "1945"]
[Annotator "RC"]
[PlyCount "85"]
[EventDate "2023.12.31"]
[EventType "swiss"]
[EventCountry "IND"]
[SourceTitle "playchess.com"]
[Source "ChessBase"]
[SourceQuality "1"]
[TimeControl "5400+30"]

1. g3 e5 2. Bg2 d5 3. c4 dxc4 4. Qa4+ c6 5. Qxc4 Be6 6. Qc2 g6 7. Nf3 Bg7 8. Nc3 h6 9. Ne4 Ne7 10. Nc5 Bc8 11. O-O O-O 12. d4 exd4 13. Rd1 Bf5 14. Qa4 Qb6 15. Qa3 Rd8 16. Na4 Qc7 17. Bf4 Qd7 18. Nxd4 Na6 19. Be3 Qe8 20. Qb3 Rd7 21. Nxf5 Nxf5 22. Rxd7 Qxd7 23. Bh3 b5 24. Nc5 Nxc5 25. Bxc5 Rd8 26. Qb4 Qd2 27. e4 Qxb4 28. Bxb4 Nd4 29. Bc5 Nf3+ 30. Kg2 Ng5 31. Rc1 Nxe4 32. Bxa7 Rd2 33. Rxc6 Rxb2 34. Rc8+ Kh7 35. Rc7 Kg8 36. Be6 fxe6 37. Rxg7+ Kxg7 38. Bd4+ Kf7 39. Bxb2 b4 40. Kf3 Nc5 41. Ke3 b3 42. axb3 Nxb3 43. Bc3 1/2-1/2

[Event "14th Chennai GM Open 2023"]
[Site "Chennai"]
[Date "2024.01.06"]
[Round "9.4"]
[White "Manik, Mikulas"]
[Black "Nguyen, Duc Hoa"]
[Result "0-1"]
[ECO "B30"]
[WhiteElo "2343"]
[BlackElo "2322"]
[Annotator "RC"]
[PlyCount "88"]
[EventDate "2023.12.31"]
[EventType "swiss"]
[EventCountry "IND"]
[SourceTitle "playchess.com"]
[Source "ChessBase"]
[SourceQuality "1"]
[TimeControl "5400+30"]

1. e4 c5 2. Nf3 Nc6 3. Bb5 e6 4. O-O a6 5. Bxc6 bxc6 6. e5 f6 7. d4 cxd4 8. Qxd4 c5 9. Qe4 Rb8 10. Nc3 Bb7 11. Qe2 Be7 12. Rd1 Qc7 13. Bf4 g5 14. Bg3 f5 15. Nxg5 h5 16. Bh4 Bc6 17. f4 Rb4 18. Rf1 Bd8 19. Rad1 Ne7 20. b3 Qb7 21. Nh3 Ng6 22. Bxd8 Kxd8 23. Rd3 h4 24. Rf2 Rg8 25. Qe3 c4 26. Rdd2 cxb3 27. cxb3 Kc8 28. Qc5 Kb8 29. Rd4 Rb6 30. Rdd2 Ka8 31. Qe3 Rb4 32. Rd6 Rg7 33. Rdd2 Qc7 34. Qc5 Qb8 35. Qe3 Rg8 36. Rd6 Qb7 37. Rdd2 Rc8 38. Rfe2 Rc7 39. Rf2 Qc8 40. Ne2 Re4 41. Qb6 Bb5 42. a4 Rc1+ 43. Rf1 Rxf1+ 44. Kxf1 Qc1+ 0-1

[Event "14th Chennai GM Open 2023"]
[Site "Chennai"]
[Date "2024.01.06"]
[Round "9.5"]
[White "Abhishek, Kelkar"]
[Black "Aronyak Ghosh"]
[Result "1/2-1/2"]
[ECO "B12"]
[WhiteElo "2204"]
[BlackElo "2545"]
[Annotator "TA"]
[PlyCount "51"]
[EventDate "2023.12.31"]
[EventType "swiss"]
[EventCountry "IND"]
[SourceTitle "playchess.com"]
[Source "ChessBase"]
[SourceQuality "1"]
[TimeControl "5400+30"]

1. e4 c6 2. d4 d5 3. e5 Bf5 4. h4 h5 5. Bg5 Qb6 6. Bd3 {[%emt 0:02:46] B12: Caro-Kann: Advance Variation.} Bxd3 7. Qxd3 Qa6 ({Black should try} 7... Qxb2 $17 8. Qc3 Qxc3+ 9. Nxc3 e6) 8. Qh3 {[%emt 0:00:50][%cal Rh3c8] [#] The position is equal.} (8. Qxa6 {simplifies} Nxa6 9. Nf3 e6 10. O-O) 8... e6 $1 9. Ne2 Ne7 10. Nbc3 Nd7 11. O-O $36 {[%emt 0:00:08][%mdl 2048] White has the initiative.} Nf5 12. Rfd1 Be7 13. Ng3 g6 (13... Nxg3 $11 14. Qxg3 Bxg5 15. Qxg5 g6) 14. Nxf5 $14 gxf5 {[%emt 0:00:11] [#]} 15. Qe3 $146 ({Predecessor:} 15. Bxe7 Kxe7 16. a4 Rag8 17. b4 Qc4 18. Qe3 Rg7 19. f3 Rhg8 20. Rd2 f4 21. Qd3 Qxd3 22. cxd3 {½-½ Mohammad Fahad,R (2307)-Zia,T (2092) Dhaka Bangabandhu op-A 2021 (6)}) 15... Qb6 16. b3 Qd8 17. Ne2 Nf8 18. f4 Ng6 19. g3 Bxg5 20. fxg5 Kf8 21. c4 Kg7 22. Nc3 (22. c5 $16) 22... Ne7 (22... dxc4 $11 23. bxc4 Qc7) 23. Ne2 {[%emt 0:00:04] White is more active.} Ng6 24. Nc3 Ne7 25. Ne2 Ng6 {[%emt 0:00:03] [#]} 26. Nc3 {[%emt 0:00:08] Weighted Error Value: White=0.32/Black=0.23 (precise)} (26. c5 $1 $16) 1/2-1/2

[Event "14th Chennai GM Open 2023"]
[Site "Chennai"]
[Date "2024.01.06"]
[Round "9.7"]
[White "Viani Antonio Dcunha"]
[Black "Murali Krishnan B T"]
[Result "1/2-1/2"]
[ECO "B01"]
[WhiteElo "2407"]
[BlackElo "2181"]
[Annotator "RC"]
[PlyCount "95"]
[EventDate "2023.12.31"]
[EventType "swiss"]
[EventCountry "IND"]
[SourceTitle "playchess.com"]
[Source "ChessBase"]
[SourceQuality "1"]
[TimeControl "5400+30"]

1. e4 d5 2. exd5 Qxd5 3. Nc3 Qa5 4. d4 Nf6 5. Nf3 Bg4 6. h3 Bxf3 7. Qxf3 c6 8. Bd2 Nbd7 9. Bc4 Qb6 10. O-O-O Qxd4 11. Qe2 Qe5 12. Be3 e6 13. f4 Qa5 14. g4 O-O-O 15. f5 Bb4 16. fxe6 fxe6 17. Bd2 Nd5 18. Ne4 Bxd2+ 19. Qxd2 Qxd2+ 20. Rxd2 Ne5 21. Bb3 h5 22. gxh5 Rxh5 23. Nc5 Rh6 24. Re2 Nd7 25. Nxe6 Re8 26. Bxd5 cxd5 27. Rhe1 Rxh3 28. Nxg7 Rxe2 29. Rxe2 Rf3 30. b3 a6 31. a4 Kc7 32. Kb2 Nc5 33. Rh2 Rf7 34. Rg2 Kc6 35. Rg6+ Kd7 36. Rg5 Ne6 37. Nxe6 Kxe6 38. Kc3 Kd6 39. Rg6+ Ke5 40. Rg8 Kd6 41. Rd8+ Kc6 42. Rh8 a5 43. Rc8+ Kd6 44. Kb2 b6 45. c3 Kd7 46. Rh8 Rf2+ 47. Ka3 Rf3 48. Kb2 1/2-1/2

[Event "14th Chennai GM Open 2023"]
[Site "Chennai"]
[Date "2024.01.06"]
[Round "9.8"]
[White "Nithin Babu"]
[Black "Nitin, S.."]
[Result "1-0"]
[ECO "E94"]
[WhiteElo "2177"]
[BlackElo "2385"]
[Annotator "RC"]
[PlyCount "101"]
[EventDate "2023.12.31"]
[EventType "swiss"]
[EventCountry "IND"]
[SourceTitle "playchess.com"]
[Source "ChessBase"]
[SourceQuality "1"]
[TimeControl "5400+30"]

1. d4 Nf6 2. c4 g6 3. Nc3 Bg7 4. e4 d6 5. Be2 O-O 6. Be3 Nbd7 7. Nf3 e5 8. O-O Qe7 9. Qc2 c6 10. Rad1 h6 11. d5 c5 12. Kh1 Nh5 13. g3 Ndf6 14. Nh4 Bh3 15. Ng2 Bd7 16. a3 b6 17. Bd2 Bh3 18. b4 Rac8 19. Rb1 Ng4 20. bxc5 Rxc5 21. f3 Ngf6 22. Nb5 Rd8 23. a4 Rcc8 24. Rfc1 a6 25. Nc3 Bxg2+ 26. Kxg2 Nd7 27. a5 bxa5 28. Na4 Rf8 29. Rb7 Qe8 30. Bxa5 Bf6 31. Ra7 Bg5 32. Rb1 Be3 33. Rxa6 Nc5 34. Nxc5 Bxc5 35. Bb4 Qe7 36. Bxc5 Rxc5 37. Qd2 Kg7 38. Rbb6 Rd8 39. Qe3 Rc7 40. c5 Rxc5 41. Rxd6 Rdc8 42. Rdc6 R8xc6 43. Rxc6 Rxc6 44. dxc6 Nf6 45. Qc3 Ne8 46. Bd1 g5 47. Bb3 Nc7 48. f4 gxf4 49. gxf4 Kf6 50. Qh3 Qb4 51. Qf5+ 1-0

[Event "14th Chennai GM Open 2023"]
[Site "Chennai"]
[Date "2024.01.06"]
[Round "9.10"]
[White "Jyotshnav Talukdar"]
[Black "Podolchenko, Evgeniy"]
[Result "0-1"]
[ECO "E61"]
[WhiteElo "1744"]
[BlackElo "2376"]
[Annotator "RC"]
[PlyCount "126"]
[EventDate "2023.12.31"]
[EventType "swiss"]
[EventCountry "IND"]
[SourceTitle "playchess.com"]
[Source "ChessBase"]
[SourceQuality "1"]
[TimeControl "5400+30"]

1. d4 Nf6 2. Bf4 b6 3. Nf3 Bb7 4. e3 g6 5. h3 Bg7 6. Be2 O-O 7. O-O d6 8. c4 Nbd7 9. Nc3 e6 10. Qc2 Qe7 11. Bh2 a6 12. Rfe1 Rfe8 13. Rad1 h6 14. a3 Nh7 15. b4 Rac8 16. Nd2 f5 17. Bf3 Bxf3 18. Nxf3 g5 19. Qd3 Qf7 20. e4 f4 21. e5 dxe5 22. Nxe5 Nxe5 23. dxe5 Nf8 24. g3 Ng6 25. gxf4 Nxf4 26. Bxf4 Qxf4 27. Qg6 Qf7 28. Qxf7+ Kxf7 29. h4 Rcd8 30. hxg5 hxg5 31. b5 a5 32. Ne4 Kg6 33. c5 bxc5 34. Rxd8 Rxd8 35. Nxc5 Kf5 36. Nb3 a4 37. Nc5 Rd4 38. Na6 Bxe5 39. Rc1 Rd2 40. Nxc7 Bd4 41. Rc4 Bxf2+ 42. Kf1 g4 43. Rxa4 g3 44. Nxe6 Kxe6 45. Rg4 Kf5 46. Rg8 Rb2 47. a4 Rb4 48. Rf8+ Ke5 49. Re8+ Kd6 50. Ra8 Bd4 51. Rd8+ Kc5 52. Rc8+ Kd5 53. Kg2 Be5 54. Rc2 Rxa4 55. Rd2+ Ke4 56. Re2+ Kf5 57. Rc2 Rb4 58. Ra2 Rxb5 59. Kh3 Rb8 60. Kg2 Kg4 61. Ra4+ Bf4 62. Ra2 Rh8 63. Kg1 Be3+ 0-1

[Event "14th Chennai GM Open 2023"]
[Site "Chennai"]
[Date "2024.01.06"]
[Round "9.11"]
[White "Shah Jeet"]
[Black "Khusenkhojaev, Muhammad"]
[Result "1/2-1/2"]
[ECO "C54"]
[WhiteElo "1830"]
[BlackElo "2366"]
[Annotator "RC"]
[PlyCount "109"]
[EventDate "2023.12.31"]
[EventType "swiss"]
[EventCountry "IND"]
[SourceTitle "playchess.com"]
[Source "ChessBase"]
[SourceQuality "1"]
[TimeControl "5400+30"]

1. e4 e5 2. Nf3 Nc6 3. Bc4 Bc5 4. c3 Nf6 5. d3 O-O 6. O-O d5 7. exd5 Nxd5 8. Nbd2 Nb6 9. Bb5 Bd6 10. Re1 Re8 11. Ne4 a6 12. Bxc6 bxc6 13. d4 exd4 14. Qxd4 Bf8 15. Bf4 Qxd4 16. cxd4 Nd5 17. Bd2 f6 18. Rac1 Bf5 19. Nc5 Rxe1+ 20. Rxe1 g5 21. g3 a5 22. b3 Nb4 23. Rc1 Rb8 24. a3 Nd3 25. Rc3 Nxc5 26. dxc5 Rd8 27. Kf1 g4 28. Nh4 Be6 29. Bf4 Rd1+ 30. Ke2 Ra1 31. b4 axb4 32. axb4 Rb1 33. Bxc7 Rxb4 34. Bd6 Bh6 35. Kd3 Ra4 36. Rc2 Ra3+ 37. Rc3 Ra1 38. Ng2 Bf5+ 39. Ke2 Ra2+ 40. Kf1 Be4 41. Nf4 Bf3 42. Re3 Ra7 43. Ke1 Kf7 44. Kd2 Bg5 45. Kc2 f5 46. Rb3 Be4+ 47. Kd2 Bf6 48. Ke3 Bd8 49. Rb8 Ra3+ 50. Kd4 Ba5 51. Rb7+ Kg8 52. Rb8+ Kf7 53. Rb7+ Kg8 54. Rb8+ Kf7 55. Rb7+ 1/2-1/2

[Event "14th Chennai GM Open 2023"]
[Site "Chennai"]
[Date "2024.01.06"]
[Round "9.13"]
[White "Saravana, Krishnan P."]
[Black "Aakash G"]
[Result "0-1"]
[ECO "B90"]
[WhiteElo "2269"]
[BlackElo "1823"]
[Annotator "RC"]
[PlyCount "106"]
[EventDate "2023.12.31"]
[EventType "swiss"]
[EventCountry "IND"]
[SourceTitle "playchess.com"]
[Source "ChessBase"]
[SourceQuality "1"]
[TimeControl "5400+30"]

1. e4 c5 2. Nf3 d6 3. d4 cxd4 4. Nxd4 Nf6 5. Nc3 a6 6. Nb3 e6 7. g4 Nc6 8. g5 Nd7 9. h4 Be7 10. a4 b6 11. Be3 Bb7 12. Qe2 Rc8 13. Bg2 h6 14. g6 fxg6 15. Bh3 Nf8 16. O-O-O Bf6 17. Nd5 exd5 18. exd5 Ne7 19. Bxc8 Qxc8 20. Bd4 Kf7 21. Rhe1 Nxd5 22. Bxf6 gxf6 23. Nd4 Rh7 24. h5 g5 25. Qd3 Kg8 26. Nf5 Qd7 27. Kb1 Bc6 28. Qf3 Nf4 29. Qb3+ d5 30. Qxb6 Nxh5 31. Nd4 Bb7 32. Rh1 Qf7 33. Nf5 Qg6 34. Nd6 f5 35. Qb4 a5 36. Qc5 Nf4 37. Rhe1 Rd7 38. Nb5 Qc6 39. Qa3 N4e6 40. Qh3 Ng7 41. Rd3 Ba6 42. Rc3 Qb6 43. Rh1 h5 44. Qg3 Bxb5 45. axb5 d4 46. Rc8 Qb7 47. Qb3+ Kh7 48. Rc6 Re7 49. Qd5 Ng6 50. Qxd4 Ne5 51. Qd6 Nxc6 52. bxc6 Qb4 53. Qf6 Re1+ 0-1

[Event "14th Chennai GM Open 2023"]
[Site "Chennai"]
[Date "2024.01.07"]
[Round "10.1"]
[White "Fedorov, Alexei"]
[Black "Srihari L R"]
[Result "1/2-1/2"]
[ECO "B12"]
[WhiteElo "2454"]
[BlackElo "2467"]
[Annotator "TA"]
[PlyCount "62"]
[EventDate "2023.12.31"]
[EventType "swiss"]
[EventCountry "IND"]
[SourceTitle "playchess.com"]
[Source "ChessBase"]
[SourceQuality "1"]
[TimeControl "5400+30"]

1. e4 c6 2. d4 d5 3. e5 c5 4. dxc5 e6 5. a3 Bxc5 6. Nf3 {[%emt 0:00:47] B12: Caro-Kann: Advance Variation.} Nd7 7. b4 Be7 8. Nbd2 a5 {[%emt 0:01:30] [#]} 9. Rb1 $146 ({Predecessor:} 9. b5 f6 10. Bb2 fxe5 11. Nxe5 Nxe5 12. Bxe5 Bf6 13. Bxf6 Nxf6 14. Be2 O-O 15. O-O e5 16. c4 d4 17. Bf3 Qe7 18. Re1 Re8 19. Re4 Bf5 {½-½ Skogheim,O (1992)-Vinke,D (2166) EU-ch Seniors 65 18th 2018 (3)}) 9... axb4 10. axb4 f6 11. Bb5 fxe5 12. Nxe5 {[%emt 0:00:48] [#] Strongly threatening Qh5+.} Ngf6 {[%emt 0:00:05] Inhibits Qh5+.} 13. O-O O-O 14. Bb2 (14. Nef3 $5 ) 14... Ra2 15. Nxd7 (15. Nef3 $14) 15... Bxd7 $11 16. Bd3 Ra4 (16... Bxb4 $2 17. Bxf6 Qxf6 18. Rxb4 $18) 17. b5 Rb4 18. Qe2 Ng4 {[%emt 0:14:01][%cal Of8f2] ...Rxf2! is the strong threat.} 19. c4 {[%emt 0:23:54] [#]} ({White should play} 19. h3 $14 Nf6 20. c3) 19... Nxf2 $1 $15 20. Rxf2 Bc5 {[%emt 0:00:02][%mdl 64] Pin} 21. Nf3 $1 {[%emt 0:00:59] Bd4 would be deadly.} dxc4 $1 22. Bc2 Qb6 ({Reject} 22... Bxf2+ 23. Qxf2 Rxb5 24. Qe1 $11 (24. Qd4 Qb6 $17)) 23. Bc3 $1 Rxb1+ ({Don't play} 23... Rxb5 24. Rbf1 Bxf2+ 25. Rxf2 $16) 24. Bxb1 Bxf2+ (24... Bxb5 {feels hotter.} 25. Qe5 Bxf2+ 26. Kh1 Rf6) 25. Qxf2 {[%emt 0:00:03] The position is equal.} Qxf2+ 26. Kxf2 Bxb5 27. Be4 Bc6 28. Bxc6 bxc6 29. Ke3 Rd8 {[%emt 0:01:07] Hoping for ...Rd3+.} 30. Ne5 {[%emt 0:01:39][%csl LRc4,LRc6] Prevents Rd3+} Rd1 31. Bd2 Rg1 {[%emt 0:03:12] An exciting game.   Weighted Error Value: White=0.10 (very precise) /Black=0.09 (flawless)} 1/2-1/2

[Event "14th Chennai GM Open 2023"]
[Site "Chennai"]
[Date "2024.01.07"]
[Round "10.2"]
[White "Nguyen, Duc Hoa"]
[Black "Tologon tegin, Semetei"]
[Result "1/2-1/2"]
[ECO "E11"]
[WhiteElo "2322"]
[BlackElo "2384"]
[Annotator "RC"]
[PlyCount "105"]
[EventDate "2023.12.31"]
[EventType "swiss"]
[EventCountry "IND"]
[SourceTitle "playchess.com"]
[Source "ChessBase"]
[SourceQuality "1"]
[TimeControl "5400+30"]

1. d4 Nf6 2. c4 e6 3. g3 Bb4+ 4. Bd2 Bxd2+ 5. Qxd2 O-O 6. Bg2 d5 7. Nf3 c6 8. O-O b6 9. Ne5 Ba6 10. Rd1 Qe7 11. a4 Rc8 12. b4 Nbd7 13. b5 cxb5 14. axb5 Bb7 15. Nc3 Nxe5 16. dxe5 Ne4 17. Nxe4 dxe4 18. Qd7 Kf8 19. Rd4 Rd8 20. Qxe7+ Kxe7 21. Rxd8 Kxd8 22. Rd1+ Kc7 23. Rd4 Rd8 24. e3 f6 25. Bh3 fxe5 26. Rxd8 Kxd8 27. Bxe6 Ke7 28. Bg8 h6 29. Kf1 Kd6 30. Ke1 Kc5 31. Kd2 Kb4 32. Be6 g5 33. h4 gxh4 34. gxh4 a6 35. bxa6 Bxa6 36. Bd5 Bxc4 37. Bxe4 Kc5 38. Bg6 b5 39. f4 exf4 40. exf4 Kd4 41. f5 Ke5 42. Kc3 Bf1 43. Kb4 Bd3 44. h5 Kf6 45. Kc5 Be2 46. Kb4 Kg5 47. Kc5 Bc4 48. Kb4 Bf1 49. Kc5 Be2 50. Kb4 Bxh5 51. Kxb5 Bxg6 52. fxg6 Kxg6 53. Kc4 1/2-1/2

[Event "14th Chennai GM Open 2023"]
[Site "Chennai"]
[Date "2024.01.07"]
[Round "10.3"]
[White "Savchenko, Boris"]
[Black "Abhishek, Kelkar"]
[Result "1-0"]
[ECO "B53"]
[WhiteElo "2489"]
[BlackElo "2204"]
[Annotator "TA"]
[PlyCount "49"]
[EventDate "2023.12.31"]
[EventType "swiss"]
[EventCountry "IND"]
[SourceTitle "playchess.com"]
[Source "ChessBase"]
[SourceQuality "1"]
[TimeControl "5400+30"]

1. e4 c5 2. Nf3 Nc6 3. Bb5 d6 4. d4 cxd4 5. Qxd4 Bd7 6. Bxc6 Bxc6 7. Nc3 Nf6 8. Bg5 e6 9. O-O-O Be7 10. Qd3 O-O 11. Nd4 Rc8 12. h4 Qa5 13. f4 Rfe8 {[%emt 0:04:07] B53: Sicilian: 2...d6: Lines with Qxd4.} 14. f5 Bd7 15. e5 Qxe5 {[%emt 0:04:28][%cal Re6f5] The position is equal.} ({Don't take} 15... dxe5 16. Nb3 Rxc3 17. Nxa5 $16) 16. Rhe1 {[%emt 0:00:17] [#]} Qc5 $146 ({Predecessor:} 16... Qa5 17. fxe6 fxe6 18. Nxe6 b5 19. Nd5 Bxe6 20. Rxe6 Nxd5 21. Qxd5 Bxg5+ 22. hxg5 Kh8 23. Rh1 Qb4 24. Qf5 g6 25. Rxh7+ {1-0 Thanki,H (2099)-Cadena Montoya,G (2230) World Amateur-ch U2300 2018 (3)}) 17. fxe6 Bxe6 (17... fxe6 $11 {keeps the balance.} 18. Nxe6 Qc4 19. Qxc4 Rxc4) 18. Nxe6 $16 fxe6 19. Rxe6 {[%emt 0:00:12] [#] Hoping for Qe2.} d5 20. Rde1 $36 {[%emt 0:01:10][%mdl 2048] Bxf6 is the strong threat. White is really pushing. White is much more active.} (20. Nxd5 $2 {perishes.} Nxd5 21. Bxe7 Rxe7 $19) 20... Kf7 (20... Bf8 $16) 21. Qf5 {[%emt 0:18:48] Strongly threatening Bxf6.} d4 22. Nd5 d3 $2 (22... Qxc2+ 23. Qxc2 Rxc2+ 24. Kxc2 Nxd5 25. Bxe7 Rxe7 26. Rxe7+ Nxe7) 23. Rxe7+ $18 Rxe7 24. Rxe7+ Kf8 {[%emt 0:00:01] [#]} 25. Qxf6+ $3 {[%emt 0:00:16][%mdl 512] White took control after the opening. Beautiful play by Savchenko!   Weighted Error Value: White=0.28 (precise) /Black=0.74} 1-0

[Event "14th Chennai GM Open 2023"]
[Site "Chennai"]
[Date "2024.01.07"]
[Round "10.4"]
[White "Podolchenko, Evgeniy"]
[Black "Nithin Babu"]
[Result "1-0"]
[ECO "E71"]
[WhiteElo "2376"]
[BlackElo "2177"]
[Annotator "RC"]
[PlyCount "79"]
[EventDate "2023.12.31"]
[EventType "swiss"]
[EventCountry "IND"]
[SourceTitle "playchess.com"]
[Source "ChessBase"]
[SourceQuality "1"]
[TimeControl "5400+30"]

1. d4 Nf6 2. c4 g6 3. Nc3 Bg7 4. e4 d6 5. h3 O-O 6. Be3 e5 7. d5 Na6 8. g4 Nc5 9. f3 a5 10. Nge2 c6 11. Ng3 h5 12. g5 Ne8 13. dxc6 Ne6 14. cxb7 Bxb7 15. h4 N8c7 16. Qd2 Nd4 17. Bxd4 exd4 18. Nd5 Ne6 19. f4 Nc5 20. Bg2 d3 21. Rb1 Bxd5 22. cxd5 Qb6 23. Bf3 Rac8 24. Kf1 Rfe8 25. Qf2 Qb4 26. a3 Qc4 27. Kg2 Bd4 28. Qf1 Nb3 29. Rd1 Qc2+ 30. Kh3 d2 31. e5 dxe5 32. Be4 Qxb2 33. f5 Rf8 34. fxg6 Rc3 35. g7 Kxg7 36. Qf6+ Kg8 37. Qh6 f5 38. g6 Rc7 39. d6 fxe4 40. dxc7 1-0

[Event "14th Chennai GM Open 2023"]
[Site "Chennai"]
[Date "2024.01.07"]
[Round "10.5"]
[White "Aakash G"]
[Black "Buscara, Sevan"]
[Result "1-0"]
[ECO "D10"]
[WhiteElo "1823"]
[BlackElo "2359"]
[Annotator "RC"]
[PlyCount "55"]
[EventDate "2023.12.31"]
[EventType "swiss"]
[EventCountry "IND"]
[SourceTitle "playchess.com"]
[Source "ChessBase"]
[SourceQuality "1"]
[TimeControl "5400+30"]

1. d4 d5 2. c4 c6 3. cxd5 cxd5 4. Nc3 Nf6 5. Bf4 Nc6 6. e3 Bg4 7. f3 Bd7 8. Bd3 e6 9. Bg5 Qb6 10. Qd2 Na5 11. Nge2 Nc4 12. Bxc4 dxc4 13. e4 h6 14. Bh4 Qa5 15. O-O b5 16. e5 g5 17. Be1 Nh5 18. g4 Ng7 19. f4 O-O-O 20. fxg5 hxg5 21. Ne4 b4 22. Rc1 Qxa2 23. Rxf7 Bc6 24. Nd6+ Bxd6 25. exd6 c3 26. Nxc3 bxc3 27. Qxc3 Rxd6 28. Qb4 1-0

[Event "14th Chennai GM Open 2023"]
[Site "Chennai"]
[Date "2024.01.07"]
[Round "10.7"]
[White "Pawar, Harshit"]
[Black "Glek, Igor"]
[Result "0-1"]
[ECO "B23"]
[WhiteElo "1945"]
[BlackElo "2429"]
[Annotator "RC"]
[PlyCount "114"]
[EventDate "2023.12.31"]
[EventType "swiss"]
[EventCountry "IND"]
[SourceTitle "playchess.com"]
[Source "ChessBase"]
[SourceQuality "1"]
[TimeControl "5400+30"]

1. e4 c5 2. Nc3 Nc6 3. Bb5 Nd4 4. Bc4 Nf6 5. Nge2 a6 6. a4 e6 7. O-O d5 8. exd5 exd5 9. Ba2 Bd6 10. d3 Ne6 11. Ng3 O-O 12. Nh5 Nxh5 13. Qxh5 d4 14. Ne4 Be7 15. f4 g6 16. Qe5 Qc7 17. Bxe6 Qxe5 18. Bxf7+ Rxf7 19. fxe5 Rxf1+ 20. Kxf1 Bf5 21. Bg5 Bxg5 22. Nxg5 c4 23. Ke2 cxd3+ 24. cxd3 Re8 25. Kd2 Rxe5 26. Nf3 Rd5 27. h3 Bd7 28. Rc1 Bxa4 29. Rc8+ Kg7 30. Rc7+ Rd7 31. Rxd7+ Bxd7 32. Nxd4 Kf6 33. Ke3 Ke5 34. Nf3+ Kd5 35. Ng5 h6 36. Nf7 h5 37. Ng5 a5 38. Nf3 b5 39. Kd2 b4 40. b3 Be6 41. Ke3 Kc5 42. Nd2 h4 43. d4+ Kc6 44. Nc4 Bd5 45. Ne5+ Kb5 46. Nxg6 Bxb3 47. Nxh4 a4 48. Kd2 a3 49. Kc1 Kc4 50. Nf5 Kc3 51. Ng3 a2 52. Ne2+ Kd3 53. Kb2 Kxe2 54. h4 Kd3 55. h5 Bg8 56. d5 a1=Q+ 57. Kxa1 Kc2 0-1

[Event "14th Chennai GM Open 2023"]
[Site "Chennai"]
[Date "2024.01.07"]
[Round "10.8"]
[White "Aronyak Ghosh"]
[Black "Murali Krishnan B T"]
[Result "1/2-1/2"]
[ECO "D41"]
[WhiteElo "2545"]
[BlackElo "2181"]
[Annotator "TA"]
[PlyCount "60"]
[EventDate "2023.12.31"]
[EventType "swiss"]
[EventCountry "IND"]
[SourceTitle "playchess.com"]
[Source "ChessBase"]
[SourceQuality "1"]
[TimeControl "5400+30"]

1. c4 e6 2. Nc3 d5 3. d4 Nf6 4. cxd5 Nxd5 5. Nf3 c5 6. g3 cxd4 7. Nxd5 Qxd5 8. Qxd4 Qxd4 {[%emt 0:06:57] D41: Queen's Gambit Declined: Semi-Tarrasch with 5 cxd5.} (8... Qf5 {keeps more tension.} 9. Ne5 f6 10. Qc4 Nd7) 9. Nxd4 Bb4+ 10. Bd2 Bxd2+ 11. Kxd2 Bd7 12. Bg2 Nc6 {[%emt 0:00:14][%cal Bb8c6,Bc6e5,Be5g4][%mdl 32] [#]} 13. Nb3 $146 ({Predecessor:} 13. Bxc6 Bxc6 14. Nxc6 bxc6 15. Rhc1 O-O-O+ 16. Ke1 Kb7 17. Rc3 Rd5 18. Rac1 Rc8 19. Rb3+ Kc7 20. Rbc3 Kb6 21. Rb3+ Kc7 22. Rbc3 Kb6 {½-½ Zhou,J (2606)-Dragun,K (2614) Continental op 49th 2019 (4)}) 13... b6 14. Rhc1 Rc8 {[%emt 0:01:37] The position is equal.} 15. Rc4 Ke7 16. Rac1 Ne5 17. Rc7 Rxc7 18. Rxc7 Rc8 19. Rxc8 Bxc8 $11 {[%emt 0:00:06][%mdl 4096] Endgame KBN-KBN} 20. Nd4 Bd7 21. b3 Ng4 22. f3 e5 23. Nc2 Nh6 24. e4 f6 25. Bf1 Nf7 26. Ke3 Be6 27. Nb4 a5 28. Nd3 Kd6 29. Nb2 Kc6 30. Bc4 Bxc4 {[%emt 0:00:08] Weighted Error Value: White=0.03 (flawless) /Black=0.02 (flawless)} 1/2-1/2

[Event "14th Chennai GM Open 2023"]
[Site "Chennai"]
[Date "2024.01.07"]
[Round "10.9"]
[White "Viani Antonio Dcunha"]
[Black "Ziatdinov, Raset"]
[Result "1-0"]
[ECO "E97"]
[WhiteElo "2407"]
[BlackElo "2100"]
[Annotator "RC"]
[PlyCount "75"]
[EventDate "2023.12.31"]
[EventType "swiss"]
[EventCountry "IND"]
[SourceTitle "playchess.com"]
[Source "ChessBase"]
[SourceQuality "1"]
[TimeControl "5400+30"]

1. d4 Nf6 2. c4 g6 3. Nc3 Bg7 4. e4 d6 5. Be2 O-O 6. Nf3 e5 7. O-O Nc6 8. d5 Ne7 9. b4 a5 10. bxa5 Nd7 11. Nd2 Nc5 12. Nb3 f5 13. f3 f4 14. Nb5 Na4 15. Ba3 Rf6 16. c5 dxc5 17. Qc2 b6 18. Qc4 c6 19. d6+ Nd5 20. Qxa4 cxb5 21. Bxb5 Ne3 22. d7 Ba6 23. Bxa6 Rxa6 24. Qb5 Ra8 25. Rfd1 c4 26. Rac1 Re6 27. Rxc4 Bf8 28. Bxf8 Kxf8 29. Rd3 Kg7 30. Rc1 Ra7 31. Rd2 Ra8 32. axb6 Qg5 33. b7 Rd6 34. Qe2 Rxd2 35. Qxd2 Rd8 36. Rc8 Kh6 37. Rxd8 Qxd8 38. b8=Q 1-0

[Event "14th Chennai GM Open 2023"]
[Site "Chennai"]
[Date "2024.01.07"]
[Round "10.11"]
[White "Khusenkhojaev, Muhammad"]
[Black "Matta, Vinay Kumar"]
[Result "1/2-1/2"]
[ECO "E73"]
[WhiteElo "2366"]
[BlackElo "2132"]
[Annotator "RC"]
[PlyCount "107"]
[EventDate "2023.12.31"]
[EventType "swiss"]
[EventCountry "IND"]
[SourceTitle "playchess.com"]
[Source "ChessBase"]
[SourceQuality "1"]
[TimeControl "5400+30"]

1. d4 Nf6 2. c4 g6 3. Nc3 Bg7 4. e4 d6 5. Be2 O-O 6. Be3 e5 7. d5 Na6 8. h4 Nc5 9. Qc2 a5 10. h5 Nxh5 11. Bxh5 gxh5 12. Rxh5 Qe8 13. Nge2 f5 14. Rh2 fxe4 15. Bxc5 dxc5 16. Ng3 Qg6 17. O-O-O Bh6+ 18. Kb1 Bf4 19. Qxe4 Qxe4+ 20. Ncxe4 Bxg3 21. Nxg3 Rxf2 22. Rdh1 Rf7 23. Rh5 Ra6 24. Rxe5 Rg6 25. Re8+ Rf8 26. Re3 Rf2 27. Kc1 Bd7 28. Ne4 Rfxg2 29. Nxc5 Bf5 30. Rf1 Rc2+ 31. Kd1 Rxb2 32. Re8+ Kg7 33. Re7+ Kf6 34. Re6+ Kg5 35. Rg1+ Kh6 36. Rgxg6+ hxg6 37. Re7 Rb4 38. Rxc7 Rxc4 39. d6 Rd4+ 40. Ke2 Rxd6 41. Nxb7 Rd5 42. Rc5 Rxc5 43. Nxc5 Kg5 44. a4 Kf4 45. Nb7 Be4 46. Nc5 Bd5 47. Kd3 Bc6 48. Kd4 Bxa4 49. Nxa4 g5 50. Nc5 Kf3 51. Nd3 Ke2 52. Ne5 a4 53. Kc3 Ke3 54. Nf7 1/2-1/2